 Seeded DCSS version 0.28.0-45-g0d030f2227 (webtiles) character file.

Game seed: 14447413411792647702 (custom seed)

123 zeratav the Chopper (level 5, -10/47 HPs)
             Began as a Hill Orc Monk on Apr 20, 2022.
             Mangled by an ogre
             ... wielding a +0 giant spiked club
              (15 damage)
             ... on level 4 of the Dungeon.
             The game lasted 00:04:36 (4091 turns).

zeratav the Chopper (Hill Orc Monk)                 Turns: 4091, Time: 00:04:37

Health: -10/47     AC:  3    Str: 16    XL:     5   Next: 7%
Magic:  6/6        EV: 12    Int: 10    God:
Gold:   122        SH:  0    Dex: 13    Spells: 4/4 levels left

rFire   . . .      SeeInvis .   a - +0 hand axe {axe}
rCold   . . .      Faith    .   (no shield)
rNeg    + . .      Spirit   .   e - +0 leather armour
rPois   .          Reflect  .   (no helmet)
rElec   .          Harm     .   (no cloak)
rCorr   .          Rampage  .   (no gloves)
Will    .....                   (no boots)
Stlth   ++........              (no amulet)
HPRegen 0.15/turn               b - ring of positive energy
MPRegen 0.10/turn               (no ring)

@: no status effects
A: no striking features
a: no special abilities


You were on level 4 of the Dungeon.
You visited 1 branch of the dungeon, and saw 4 of its levels.

You collected 122 gold pieces.


   Skills:
 + Level 4.4 Fighting
 * Level 5.6 Axes
 + Level 2.0 Armour
 - Level 2.4 Dodging
 - Level 1.5 Stealth
 + Level 2.3 Invocations


You had 4 spell levels left.
You didn't know any spells.
Your spell library contained the following spells:

 Spells                   Type           Power      Damage    Failure   Level
 Animate Skeleton         Necr           0%         N/A       43%         1
 Apportation              Tloc           0%         N/A       43%         1
 Foxfire                  Conj/Fire      0%         2x1d4     43%         1
 Summon Small Mammal      Summ           0%         N/A       43%         1

Inventory:

Hand Weapons
 a - a +0 hand axe (weapon) {axe}
Armour
 e - a +0 leather armour (worn)
   (You found it on level 1 of the Dungeon)
Jewellery
 b - a ring of positive energy (left hand)
   (You found it on level 1 of the Dungeon)
 p - a ring of fire
   (You found it on level 3 of the Dungeon)
Scrolls
 c - a scroll of enchant weapon {unknown}
 h - a scroll of brand weapon {unknown}
 i - a scroll of blinking {unknown}
 j - a scroll of teleportation {unknown}
 k - a scroll of vulnerability {unknown}
 l - a scroll of noise {unknown}
 m - a scroll of enchant armour {unknown}
 q - 2 scrolls of identify {unknown}
Potions
 d - a potion of resistance {unknown}
 f - a potion of brilliance {unknown}
 g - a potion of might {unknown}
 n - a potion of curing {unknown}
 o - a potion of heal wounds {unknown}

Dungeon Overview and Level Annotations

Branches:
Dungeon (4/15)
 Temple: D:4-7

Altars:
Dithmenos

...............
............... .
#..#..$..........
...........#....
#.............
###########....###.....>
#............K...#...$..
#.#####.....####K.......
....# #.....(o@O........
...## #......##.###.....
... #.....####.# .(..
... .......# ##.# ...
..# ..##....###..# .. ..
..# #....#...## . .. ##
#....#.### ########.#
#........#


You could see an ogre, an orc and a kobold.


Message History

You take 4 damage, and now have 36/41 hp.
You barely miss the quokka. The quokka misses you.
You hit the quokka.
You kill the quokka!
You hit the gnoll. You punch the gnoll. The gnoll closely misses you.
You hit the gnoll. The gnoll barely misses you.
You hit the gnoll. The gnoll hits you with a +0 club.
HP[-4]
You take 4 damage, and now have 32/41 hp.
You hit the gnoll. The gnoll hits you but does no damage.
HP[+1]
You hit the gnoll.
You kill the gnoll!
Your Armour skill increases to level 2!
You have reached level 5!
You feel stronger.
HP[+5] MP[+1]
You now have 47 max hp (+6).
You regained 5 hp, and now have 38/47 hp.
Your mp is fully restored (6).
You start resting.
A centaur skeleton comes into view.
The centaur skeleton moves out of view.
HP[+2]
You regained 2 hp, and now have 40/47 hp.
You start resting.
HP[+7]
Your hp is fully restored (47).
You see here 16 sling bullets.
You now have 122 gold pieces (gained 4).
An ogre comes into view. It is wielding a +0 giant spiked club.
The ogre shouts!
The ogre hits you with a +0 giant spiked club!
HP[-15]
You take 15 damage, and now have 32/47 hp.
MASSIVE DAMAGE!! (PAUSE) HP[+1]
The kobold shouts!
You hear a shout!
The kobold throws a poisoned dart.
The poisoned dart hits you!
You are poisoned.
You feel sick.
You feel sick.
The kobold throws a poisoned dart.
The poisoned dart hits you!
You are more poisoned.
HP[-4]
You take 4 damage, and now have 29/47 hp.
You feel very sick.
The orc shouts!
The kobold throws a poisoned dart.
The poisoned dart closely misses you.
HP[-3]
You take 3 damage, and now have 26/47 hp.
You feel very sick.
HP[-3]
You take 3 damage, and now have 23/47 hp.
You feel very sick.
The kobold throws a poisoned dart.
The poisoned dart barely misses you.
HP[-3]
You take 3 damage, and now have 20/47 hp.
You feel sick.
HP[-1]
You take 1 damage, and now have 19/47 hp.
You feel sick.
HP[-1]
You take 1 damage, and now have 18/47 hp.
You feel sick.
HP[-2]
You take 2 damage, and now have 16/47 hp.
You feel sick.
Items here: ) ? ††.
HP[-1]
You take 1 damage, and now have 15/47 hp.
You feel sick.
There is a stone staircase leading up here.
HP[-1]
You take 1 damage, and now have 14/47 hp.
You feel sick.
You see here 16 sling bullets.
HP[-1]
You take 1 damage, and now have 13/47 hp.
You feel sick.
You are no longer poisoned.
The kobold closely misses you.
The kobold hits you with a +0 short sword.
* * * LOW HITPOINT WARNING * * *
HP[-2]
You take 2 damage, and now have 11/47 hp.
Items here: ) ? ††.
HP[+1]
There is a stone staircase leading up here.
You see here 16 sling bullets.
HP[+1]
The ogre hits you with a +0 giant spiked club!
* * * LOW HITPOINT WARNING * * *
HP[-8]
You take 8 damage, and now have 5/47 hp.
The orc barely misses you.
Items here: ) ? ††.
You hit the orc. The orc closely misses you.
You hit the orc but do no damage. You hit the ogre.
The ogre hits you with a +0 giant spiked club!
You die...

Skill      XL: |  1  2  3  4 |
---------------+-------------+-----
Invocations    | 1 2 |  2.3
Armour         | 1 2 |  2.0
Fighting       | 4 |  4.4
Axes           | 5 |  5.6
Dodging        | |  2.4
Stealth        | |  1.5

Action                   |  1- 3 |  4- 6 || total
-------------------------+-------+-------++-------
Melee: Hand axe          |   110 |    76 ||   186
       Punch             |     1 |     1 ||     2
 Stab: Sleeping          |     5 |     4 ||     9
Armor: Leather armour    |    28 |    13 ||    41
       Robe              |     1 |       ||     1
Dodge: Dodged            |    61 |    47 ||   108

Levels and vault maps discovered:
D:1:      dpeg_arrival_houses_and_road, layout_loops_ring, minmay_tromino_v4_a
D:2:      layout_loops_corners, shapermc_ecumenical_altar_rom_forum, st_stairs_8
D:3:      layout_basic, amcnicky_altar_gilded
D:4:      layout_rooms, xom_confusion_cloud, serial_shops, nicolae_shop_crystal

Notes
Turn   | Place    | Note
-------+----------+-------------------------------------------
     0 | D:1      | zeratav the Hill Orc Monk began the quest for the Orb.
     0 | D:1      | Reached XP level 1. HP: 19/19 MP: 1/1
     0 | D:1      | magus.rc [v1.9.6]
   280 | D:1      | Reached XP level 2. HP: 25/27 MP: 2/2
   573 | D:1      | Reached skill level 1 in Invocations
   676 | D:1      | You fall into a shaft and drop 1 floor!
  1271 | D:2      | Found a faded altar of an unknown god.
  1274 | D:2      | Got Plato's Collected Works on Fire
  1300 | D:2      | Reached skill level 1 in Armour
  1300 | D:2      | Reached XP level 3. HP: 29/33 MP: 3/3
  1309 | D:2      | Reached skill level 4 in Fighting
  2253 | D:3      | Found a shadowy altar of Dithmenos.
  2303 | D:3      | You pick up a book of Cantrips and begin reading...
  2303 | D:3      | You add the spells Animate Skeleton, Summon Small Mammal
                  | and Apportation to your library.
  2434 | D:3      | Reached skill level 5 in Axes
  2434 | D:3      | Reached skill level 2 in Invocations
  2434 | D:3      | Reached XP level 4. HP: 25/40 MP: 5/5
  3305 | D:3      | HP: 10/40 [adder (2)]
  3980 | D:4      | Reached skill level 2 in Armour
  3980 | D:4      | Reached XP level 5. HP: 38/47 MP: 6/6
  4017 | D:4      | Killed a black bear
  4051 | D:4      | Noticed an ogre
  4075 | D:4      | HP: 11/47 [kobold/+0 short sword (2)]
  4087 | D:4      | HP: 5/47 [ogre/+0 giant spiked club (8)]
  4091 | D:4      | Mangled by an ogre

Vanquished Creatures
  An iguana (D:3)
  A gnoll (D:4)
  3 adders
  An adder skeleton (D:4)
  A worm (D:2)
  2 dart slugs
  2 orcs
  11 endoplasms
  A giant cockroach (D:2)
  2 hobgoblins (D:1)
  3 quokkas
  7 ball pythons
  6 bats
  3 goblins
  A kobold (D:1)
  3 rats
48 creatures vanquished.

Vanquished Creatures (others)
  A black bear (D:4)
  2 fungi (D:2)
3 creatures vanquished.

Grand Total: 51 creatures vanquished

Table legend:
 A = Non-vault XP
 B = Vault XP
 C = Vault XP percentage of total XP
 D = Non-vault monster count
 E = Vault monster count
 F = Vault count percentage of total count
                 A         B        C        D         E       F
            +---------+---------+-------+---------+---------+-------
      Total |     117 |      59 |  33.5 |      39 |       9 |  18.8
            +---------+---------+-------+---------+---------+-------
        D:1 |      20 |       4 |  16.7 |      12 |       2 |  14.3
        D:2 |      16 |      17 |  51.5 |       8 |       2 |  20.0
        D:3 |      72 |      15 |  17.2 |      14 |       2 |  12.5
        D:4 |       9 |      23 |  71.9 |       5 |       3 |  37.5
            +---------+---------+-------+---------+---------+-------

Illustrated notes

Table legend:
 A = Kills in this place as a percentage of kills in entire the game.
 B = Kills by you in this place as a percentage of kills by you in the entire game.
 C = Kills by friends in this place as a percentage of kills by friends in the entire game.
 D = Other kills in this place as a percentage of other kills in the entire game.
 E = Experience gained in this place as a percentage of experience gained in the entire game.
 F = Experience gained in this place divided by the number of levels of this place that you have seen.
                   A       B       C       D       E      F
               +-------+-------+-------+-------+-------+----------------------
         Total | 100.0 | 100.0 |   N/A |   N/A | 100.0 |  44.0
       Dungeon | 100.0 | 100.0 |   N/A |   N/A | 100.0 |  44.0
               +-------+-------+-------+-------+-------+----------------------

Table legend: (Time is in decaauts)
 A = Elapsed time spent in this place.
 B = Non-inter-level travel time spent in this place.
 C = Inter-level travel time spent in this place.
 D = Time resting spent in this place.
 E = Time spent auto-exploring this place.
 F = Levels seen in this place.
 G = Mean time per level.
                   A        B        C        D        E       F      G
               +--------+--------+--------+--------+--------+-----+--------+
         Total |   4101 |   4029 |     72 |    856 |   2642 |   4 | 1025.2 |
       Dungeon |   4101 |   4029 |     72 |    856 |   2642 |   4 | 1025.2 |
               +--------+--------+--------+--------+--------+-----+--------+

Top non-repeatable levels by time:
     D:3: 1745 daAuts
     D:1: 1096 daAuts
     D:2: 1052 daAuts
     D:4: 206 daAuts
